[Event "Early-Titled-Tuesday-Blitz-October-17-2023"]
[Site "Chess.com"]
[Date "2023.10.17"]
[Round "11"]
[White "Herman-NY"]
[Black "HanSchut"]
[Result "1-0"]
[WhiteElo "2527"]
[BlackElo "2321"]
[TimeControl "180+1"]
[EndTime "10:09:17 PDT"]
[Termination "Herman-NY won by resignation"]

1. e4 c5 2. Nf3 d6 3. d4 cxd4 4. Nxd4 f6 5. Bc4 Nc6 6. Ne6 Bxe6 7. Bxe6 Qa5+ 8. Nc3 Qe5 9. Bc4 f5 10. O-O fxe4 11. Nd5 O-O-O 12. Bf4 Qd4 13. Qe2 Nf6 14. c3 Qc5 15. b4 Nxd5 16. bxc5 Nxf4 17. Qg4+ e6 18. Qxf4 d5 19. Bb5 Bxc5 20. Bxc6 bxc6 21. Rab1 Bd6 22. Qg4 Rde8 23. Qxg7 Bc7 24. Rb3 Rhg8 25. Qd4 e5 26. Qxa7 Rg7 27. Qa6+ Kd8 28. Qxc6 Reg8 29. Qxd5+ Kc8 30. Qe6+ 1-0

[Event "Early-Titled-Tuesday-Blitz-October-17-2023"]
[Site "Chess.com"]
[Date "2023.10.17"]
[Round "11"]
[White "mishanick"]
[Black "JimDiGrease"]
[Result "1-0"]
[WhiteElo "3025"]
[BlackElo "2892"]
[TimeControl "180+1"]
[EndTime "10:09:18 PDT"]
[Termination "mishanick won by resignation"]

1. d4 d5 2. c4 e6 3. Nc3 c6 4. e3 Nf6 5. Nf3 Nbd7 6. Qc2 Bd6 7. Be2 dxc4 8. Bxc4 O-O 9. O-O b5 10. Bd3 Bb7 11. e4 e5 12. Bg5 exd4 13. e5 Nxe5 14. Nxe5 Bxe5 15. f4 dxc3 16. fxe5 Qd4+ 17. Kh1 Qxe5 18.
Bxf6 gxf6 19. Rae1 Qg5 20. Qxc3 Rae8 21. Be4 Qh4 22.
Re3 Rxe4 23. Rh3 Qg5 24. Qf3 Rfe8 25. Rg3 R4e5 26. Qxf6 Qxg3 27. Qxf7+ Kh8 28. hxg3 R5e7 29. Qf6+ Kg8 30. Rf5 Rg7 31. Rg5 Rxg5 32. Qxg5+ Kf7 33. Qf5+ Kg7 34. Qd7+ 1-0

[Event "Early-Titled-Tuesday-Blitz-October-17-2023"]
[Site "Chess.com"]
[Date "2023.10.17"]
[Round "11"]
[White "Iskusnyh"]
[Black "DKmirl"]
[Result "1-0"]
[WhiteElo "2577"]
[BlackElo "2294"]
[TimeControl "180+1"]
[EndTime "10:09:18 PDT"]
[Termination "Iskusnyh won on time"]

1. d4 Nf6 2. c4 e6 3. g3 d5 4. Bg2 Bb4+ 5. Nd2 Ne4 6. Nf3 O-O 7.
O-O c6 8. Qc2 f5 9. Ne5 Bd6 10. Ndf3 Nd7 11. Nd3 g5 12. b4 g4 13.
Nfe5 Nxe5 14. dxe5 Be7 15. b5 Bd7 16. bxc6 Bxc6 17.
Nf4 Qc8 18. Be3 Bg5 19. cxd5 Bxf4 20. dxc6 Bxe3 21. Bxe4 fxe4 22. Qxe4 Bxf2+ 23. Rxf2 Rxf2 24. cxb7 Rf8 25. bxc8=Q Raxc8 26. Qxg4+ Kh8 27. Qxe6 Rc2 28. Qg4 Rd8 29. e6 Rdd2 30. Rf1 1-0

[Event "Early-Titled-Tuesday-Blitz-October-17-2023"]
[Site "Chess.com"]
[Date "2023.10.17"]
[Round "11"]
[White "Mourinho_Jose"]
[Black "Ramosha"]
[Result "0-1"]
[WhiteElo "2515"]
[BlackElo "2629"]
[TimeControl "180+1"]
[EndTime "10:09:19 PDT"]
[Termination "Ramosha won by resignation"]

1. Nf3 c5 2. g3 Nc6 3. d4 cxd4 4. Nxd4 Nxd4 5. Qxd4 Nf6 6. c4 d6 7. Nc3 g6 8. Bg2 Bg7 9. O-O O-O 10. Qd2 Rb8 11.
b3 a6 12. Bb2 b5 13. Nd5 Nxd5 14. Bxg7 Kxg7 15. cxd5 a5 16. Rac1 Bd7 17. Rc2 Qb6 18.
Rfc1 Rb7 19. h4 h6 20. Bf3 b4 21. Kg2 Bf5 22. Rc6 Qb5 23. Rc7 Rfb8 24. Qe3 Qe8 25. Qd4+ f6 26. g4 Bd7 27. g5 hxg5 28. hxg5 Qd8 29. gxf6+ exf6 30. Rxb7 Rxb7 31. Qf4 g5 32. Qe4 Be8 33. Bg4 Bg6 34. Bf5 Re7 35. Qd3 Bf7 36.
Rh1 Qe8 37. Qh3 Bxd5+ 38. f3 Rxe2+ 39. Kg3 Qe5+ 40. Kg4 Qf4+ 41. Kh5 Bf7+ 0-1

[Event "Early-Titled-Tuesday-Blitz-October-17-2023"]
[Site "Chess.com"]
[Date "2023.10.17"]
[Round "11"]
[White "Iball95"]
[Black "Kildepiotr"]
[Result "1-0"]
[WhiteElo "2841"]
[BlackElo "2655"]
[TimeControl "180+1"]
[EndTime "10:09:20 PDT"]
[Termination "Iball95 won by resignation"]

1. e4 g6 2. d4 Bg7 3. Nc3 c6 4.
Nf3 d6 5. Be3 Nf6 6. Qd2 b5 7.
Bd3 Nbd7 8. Bh6 Bxh6 9. Qxh6 e5 10. dxe5 dxe5 11. h3 Qe7 12. O-O-O Nc5 13. Bxb5 cxb5 14. Nxb5 Ncxe4 15. Rhe1 Be6 16. Nxe5 Qc5 17. Ng4 Nxg4 18. hxg4 Qxb5 19. Rxe4 Rd8 20. Rde1 Qd5 21. b3 Rd6 22. f4 Kd7 23. f5 gxf5 24. gxf5 Qxf5 25. Rf4 Qg6 26. Qh4 Rc8 27. Rf2 Rd5 28. Qa4+ Kd8 29. Qxa7 Qg5+ 30. Kb1 Ke8 31. Qxf7+ Kd8 32. Qxe6 Qg7 1-0

[Event "Early-Titled-Tuesday-Blitz-October-17-2023"]
[Site "Chess.com"]
[Date "2023.10.17"]
[Round "11"]
[White "BardArtem"]
[Black "WPWPWP-2015"]
[Result "1-0"]
[WhiteElo "2746"]
[BlackElo "2565"]
[TimeControl "180+1"]
[EndTime "10:09:20 PDT"]
[Termination "BardArtem won by resignation"]

1. e4 c5 2. c3 e5 3. Nf3 Nc6 4. Bc4 d6 5. d4 cxd4 6. cxd4 Be7 7. O-O exd4 8. Nxd4 Nxd4 9. Qxd4 Bf6 10. Qd3 Ne7 11.
Nc3 O-O 12. Rd1 a6 13. Qxd6 Qxd6 14. Rxd6 Be5 15. Rd1 b5 16. Nd5 Nc6 17. Bf1 Bg4 18. f3 Be6 19. a4 b4 20. Rb1 b3 21. Be3 Rfd8 22. f4 Bd6 23. e5 Bf8 24. Nc7 Bf5 25.
Nxa8 Bxb1 26. Rxd8 Nxd8 27. Bxa6 Nc6 28. Bb5 Na5 29.
Bd2 Nb7 30. a5 Be4 31. a6 Nd6 32. exd6 Bxd6 33. Be3 Bxa8 34. a7 Be7 35. Be2 Bf6 36. Bf3 Bxb2 37. Bxa8 g6 38. Bd5 1-0

[Event "Early-Titled-Tuesday-Blitz-October-17-2023"]
[Site "Chess.com"]
[Date "2023.10.17"]
[Round "11"]
[White "averageFM"]
[Black "PeshkaCh"]
[Result "0-1"]
[WhiteElo "2605"]
[BlackElo "2819"]
[TimeControl "180+1"]
[EndTime "10:09:22 PDT"]
[Termination "PeshkaCh won on time"]

1. e4 e5 2. Nf3 Nc6 3. d4 exd4 4. Nxd4 Nf6 5. Nxc6 bxc6 6. e5 Nd5 7. c4 Nb6 8. Bd3 g6 9. O-O Bg7 10. f4 O-O 11.
Nc3 d6 12. exd6 cxd6 13. Qf3 Ba6 14. f5 Qf6 15. Ne4 Qd4+ 16. Kh1 Nxc4 17. f6 Ne5 18.
fxg7 Nxf3 19. Bxa6 Rfe8 20. gxf3 Rxe4 21. fxe4 Qxe4+ 22. Kg1 Qg4+ 23. Kh1 Re8 24. Bf4 Kxg7 25. Bxd6 Qa4 26.
Bb7 Re2 0-1

[Event "Early-Titled-Tuesday-Blitz-October-17-2023"]
[Site "Chess.com"]
[Date "2023.10.17"]
[Round "11"]
[White "alsdesdentao"]
[Black "NowInChess"]
[Result "1-0"]
[WhiteElo "2458"]
[BlackElo "2225"]
[TimeControl "180+1"]
[EndTime "10:09:22 PDT"]
[Termination "alsdesdentao won on time"]

1. b3 d6 2. Bb2 Nd7 3. Nf3 Ngf6 4. e3 g6 5. Be2 Bg7 6. O-O O-O 7. d4 Qe8 8. c4 e5 9. Nc3 c6 10. dxe5 dxe5 11.
Ba3 c5 12. Nb5 Qe7 13. Qd6 Re8 14. Rad1 Ne4 15. Qxe7 Rxe7 16. Nc7 Rb8 17. Nd5 Re8 18. Nd2 Nef6 19. Nxf6+ Bxf6 20. Ne4 Be7 21. Nd6 Bxd6 22. Rxd6 b6 23. Rfd1 Nf8 24. Rd8 Bb7 25. Rxb8 Rxb8 26.
Rd6 Kg7 27. Bb2 f6 28. f4 Re8 29. fxe5 fxe5 30. Bg4 h5 31. Bh3 Re7 32. a4 Nh7 33. a5 bxa5 34. Be6 Ng5 35. Bxe5+ Kh6 36. Bf4 h4 37. Bf5 Rg7 38. Bg4 Rf7 39. Rd8 Be4 40. Rh8+ Kg7 41. Be5+ Rf6 42. Rc8 Nf7 43. Bxf6+ Kxf6 44.
Rxc5 Ne5 45. Be2 Bd3 46. Bxd3 Nxd3 47. Rxa5 Nc1 48. Ra6+ Kf5 49. b4 Ke4 50. Rxa7 Kxe3 51.
Ra6 Kd4 52. c5 Kc4 53. c6 Ne2+ 54. Kf2 Nf4 55. c7 1-0

[Event "Early-Titled-Tuesday-Blitz-October-17-2023"]
[Site "Chess.com"]
[Date "2023.10.17"]
[Round "11"]
[White "DonCiao"]
[Black "InitiatingASC"]
[Result "1-0"]
[WhiteElo "2127"]
[BlackElo "2333"]
[TimeControl "180+1"]
[EndTime "10:09:23 PDT"]
[Termination "DonCiao won by checkmate"]

1. c4 e5 2. g3 Nf6 3. Bg2 d5 4.
cxd5 Nxd5 5. Nc3 Nb6 6. Nf3 Nc6 7. O-O Be7 8. a3 f5 9. d3 Be6 10. b4 a6 11. Bb2 O-O 12. Rc1 Bf6 13. Nd2 Qd6 14.
Nb3 Rae8 15. Nc5 Bc8 16. Qb3+ Kh8 17. e3 Nd7 18. Qd5 Nxc5 19. bxc5 Qe7 20. Qb3 Qxc5 21.
Nd5 Qd6 22. Nxf6 Rxf6 23. Bxc6 bxc6 24. d4 exd4 25. Bxd4 Rh6 26. Qc3 Rg8 27. Be5 Qg6 28. f4 Be6 29. Qxc6 Qh5 30. Rf2 Ba2 31. Qxc7 Bd5 32. Qd7 Be4 33. Qxg7+ Rxg7 34. Rc8+ Qe8 35. Rxe8# 1-0

[Event "Early-Titled-Tuesday-Blitz-October-17-2023"]
[Site "Chess.com"]
[Date "2023.10.17"]
[Round "11"]
[White "KNVB"]
[Black "verrbaa"]
[Result "0-1"]
[WhiteElo "2634"]
[BlackElo "2454"]
[TimeControl "180+1"]
[EndTime "10:09:25 PDT"]
[Termination "verrbaa won by checkmate"]

1. d4 Nf6 2. Nc3 d5 3. Bf4 a6 4. e3 e6 5. g4 c5 6. g5 Nfd7 7. Qg4 cxd4 8. exd4 Nc6 9. O-O-O Qa5 10. Qg3 Bb4 11.
Nge2 O-O 12. h4 Nb6 13. Bc7 Bd7 14. h5 Rac8 15. g6 fxg6 16. hxg6 h6 17. Bh3 Ne7 18. Kb1 Nf5 19. Qe5 Rxc7 20. Qxc7 Bd6 21. Qxb7 Rb8 22.
Qa7 Be8 23. Bxf5 exf5 24. Rh3 Nc4 25. b3 Qa3 26. Na4 Qxa4 27. Kc1 Qa3+ 28. Kb1 Qb2# 0-1

[Event "Early-Titled-Tuesday-Blitz-October-17-2023"]
[Site "Chess.com"]
[Date "2023.10.17"]
[Round "11"]
[White "guillembaches"]
[Black "ajedrezhoy"]
[Result "1/2-1/2"]
[WhiteElo "2505"]
[BlackElo "2395"]
[TimeControl "180+1"]
[EndTime "10:09:29 PDT"]
[Termination "Game drawn by repetition"]

1. d4 Nf6 2. Nf3 c5 3. c3 e6 4. Bg5 cxd4 5. cxd4 h6 6. Bf4 Bb4+ 7. Bd2 Nc6 8. e3 O-O 9. Bd3 d5 10. Nc3 a6 11.
O-O Bd6 12. Rc1 Bd7 13. Na4 e5 14. dxe5 Nxe5 15. Be2 Bb5 16. Nxe5 Bxe5 17. Nc3 Bc6 18. Bf3 Qd6 19. g3 d4 20. exd4 Bxd4 21. Bf4 Bxf3 22. Bxd6 Bxd1 23. Rfxd1 Bxc3 24. Bxf8 Bxb2 25. Rb1 Kxf8 26.
Rxb2 b5 27. Rd6 Ne4 28. Rb6 Nc5 29. Rd2 Na4 30. Rb7 Nc5 31. Rc7 Ne6 32. Rb7 Rc8 33. Rdd7 Nd8 34. Rbc7 Rb8 35. Kg2 Ke8 36. Re7+ Kf8 37. Red7 Ke8 38. Re7+ Kf8 39. Red7 1/2-1/2

[Event "Early-Titled-Tuesday-Blitz-October-17-2023"]
[Site "Chess.com"]
[Date "2023.10.17"]
[Round "11"]
[White "WiktoriaPOL"]
[Black "Gyulamiryan-koryun"]
[Result "1-0"]
[WhiteElo "2277"]
[BlackElo "1962"]
[TimeControl "180+1"]
[EndTime "10:09:30 PDT"]
[Termination "WiktoriaPOL won on time"]

1. c4 Nf6 2. Nc3 g6 3. g3 Bg7 4. Bg2 O-O 5. e4 d6 6. Nge2 c5 7. O-O Nc6 8. d3 a6 9. h3 Rb8 10. a4 Nb4 11. Be3 Nd7 12. d4 b6 13. Rc1 f5 14. b3 Bb7 15. d5 Ne5 16. Nf4 Bc8 17.
Qd2 h6 18. Nfe2 Kh7 19. f4 Ned3 20. Rcd1 e6 21. Nc1 Nxc1 22. Qxc1 e5 23. fxe5 Bxe5 24. Bf4 Bd4+ 25. Kh2 g5 26. Be3 Bxe3 27. Qxe3 Nc2 28. Qd3 Nd4 29. Ne2 Qf6 30. Nxd4 cxd4 31. Qxd4 Qe5 32. Qxe5 dxe5 33. exf5 Bxf5 34. Rxf5 Rxf5 35. Be4 Rf8 36. g4 Kg7 37. Bxf5 1-0

[Event "Early-Titled-Tuesday-Blitz-October-17-2023"]
[Site "Chess.com"]
[Date "2023.10.17"]
[Round "11"]
[White "Mystery2007"]
[Black "ChesscularGodofchess"]
[Result "1-0"]
[WhiteElo "2474"]
[BlackElo "2236"]
[TimeControl "180+1"]
[EndTime "10:09:31 PDT"]
[Termination "Mystery2007 won on time"]

1. Nf3 c5 2. e4 d6 3. d4 cxd4 4.
Nxd4 Nf6 5. Nc3 Nc6 6. Be3 e5 7. Nf3 Be6 8. h3 h6 9. Be2 d5 10. exd5 Nxd5 11. Nxd5 Qxd5 12. Qxd5 Bxd5 13. O-O O-O-O 14.
Rfd1 Be7 15. a3 Be4 16. Rac1 f5 17. b4 a6 18. c4 Rxd1+ 19. Rxd1 Rd8 20. Rxd8+ Bxd8 21. Nd2 Bc2 22. Bc5 Bf6 23. Bh5 e4 24. Bg6 e3 25.
fxe3 Bb2 26. b5 Ne5 27. Bh7 Bc3 28. Bd4 Bxd2 29. Bxe5 Bxe3+ 30. Kh2 axb5 31. cxb5 Bc5 32. Bb2 1-0

[Event "Early-Titled-Tuesday-Blitz-October-17-2023"]
[Site "Chess.com"]
[Date "2023.10.17"]
[Round "11"]
[White "KVAIDAN"]
[Black "atalz0"]
[Result "1-0"]
[WhiteElo "2297"]
[BlackElo "2471"]
[TimeControl "180+1"]
[EndTime "10:09:32 PDT"]
[Termination "KVAIDAN won on time"]

1. f4 Nf6 2. Nf3 b6 3. e3 Bb7 4. b3 g6 5. Bb2 Bg7 6. Be2 O-O 7.
O-O c5 8. Qe1 d5 9. Qh4 Nbd7 10.
d3 e6 11. Qh3 Rc8 12. Nbd2 Qe7 13. Rae1 Rfe8 14. Ne5 Nf8 15. Ndf3 N6d7 16. d4 f6 17.
Nxd7 Nxd7 18. Bb5 Bc6 19. Bxc6 Rxc6 20. c4 Rd6 21. dxc5 Nxc5 22. Ba3 dxc4 23. bxc4 Rd3 24. Bb4 a5 25. Bxc5 Qxc5 26. Nd4 f5 27. Nf3 Rxe3 28. Rxe3 Qxe3+ 29. Kh1 Qxf4 30. g3 Qe4 31. Qg2 Rd8 32. Re1 Qc6 33. Ng5 Qxg2+ 34. Kxg2 Rd2+ 35. Kf3 e5 36.
Rb1 e4+ 37. Ke3 Rxa2 38. Rxb6 Bf6 39. Ne6 Rxh2 40. c5 Be5 41. c6 Rc2 42. Ra6 Kf7 43.
Ng5+ Ke8 44. Nxh7 Kd8 45. Nf8 Kc7 46. Nxg6 Bxg3 47. Ne7 Rc3+ 48. Kd4 Rd3+ 49. Kc4 1-0

[Event "Early-Titled-Tuesday-Blitz-October-17-2023"]
[Site "Chess.com"]
[Date "2023.10.17"]
[Round "11"]
[White "beccrajoy"]
[Black "Sofia_Blokhin"]
[Result "0-1"]
[WhiteElo "2004"]
[BlackElo "2247"]
[TimeControl "180+1"]
[EndTime "10:09:35 PDT"]
[Termination "Sofia_Blokhin won on time"]

1. e4 c5 2. Nf3 d6 3. d4 cxd4 4. Nxd4 a6 5. Nc3 Nf6 6. Be3 e5 7. Nf3 Be7 8. Bc4 O-O 9. O-O b5 10. Bb3 Nbd7 11. Nd5 Nxd5 12. Bxd5 Rb8 13. Rc1 Nf6 14. c4 bxc4 15. Bxc4 Nxe4 16. Bd3 f5 17. Qe2 a5 18. Rfd1 Nf6 19. Bc4+ d5 20. Nxe5 Bd6 21. Nc6 Qe8 22. Nxb8 Bxb8 23. Bb3 f4 24. Rxc8 Qxc8 25.
Bd4 Qc7 26. f3 Re8 27. Qb5 Ba7 28. Bxd5+ Kh8 29. Kh1 Bxd4 30. Be4 Ba7 31. h3 g6 32. Bc6 Re5 33. Qa4 Nh5 34. Kh2 Ng3 0-1

[Event "Early-Titled-Tuesday-Blitz-October-17-2023"]
[Site "Chess.com"]
[Date "2023.10.17"]
[Round "11"]
[White "Maect19"]
[Black "LangesNasenhaar"]
[Result "0-1"]
[WhiteElo "2224"]
[BlackElo "2492"]
[TimeControl "180+1"]
[EndTime "10:09:39 PDT"]
[Termination "LangesNasenhaar won on time"]

1. d4 c5 2. e3 cxd4 3. exd4 Nf6 4. Nf3 g6 5. c3 Bg7 6. Bc4 O-O 7. O-O d6 8. Nbd2 Nbd7 9. Qe2 e5 10. dxe5 dxe5 11.
Nxe5 Nxe5 12. Qxe5 Re8 13. Qg5 Qc7 14. Bb3 Bf5 15. Nf3 a5 16. Bf4 Qb6 17. Be3 Qa6 18.
Bd4 Ne4 19. Qh4 a4 20. Bd5 Nf6 21. Ng5 h6 22. Bxf6 Qxf6 23. Nf3 Qb6 24. Nd4 Bd7 25.
b4 Rad8 26. Rfd1 h5 27. Bf3 Be6 28. Qg3 Rxd4 29. cxd4 Bxd4 30. Rac1 Bf5 31. Qc7 Qf6 0-1

[Event "Early-Titled-Tuesday-Blitz-October-17-2023"]
[Site "Chess.com"]
[Date "2023.10.17"]
[Round "11"]
[White "HouseOfDurin"]
[Black "victormago"]
[Result "0-1"]
[WhiteElo "2267"]
[BlackElo "2460"]
[TimeControl "180+1"]
[EndTime "10:09:40 PDT"]
[Termination "victormago won on time"]

1. d4 Nf6 2. Bg5 g6 3. Bxf6 exf6 4. c4 Bg7 5. Nc3 O-O 6. g3 f5 7. e3 d6 8. Nge2 Nd7 9. Bg2 Nf6 10. O-O c6 11. b4 Be6 12. Qd3 d5 13. cxd5 Nxd5 14.
Nxd5 Bxd5 15. Bxd5 Qxd5 16. Nc3 Qd6 17. Rfd1 Qxb4 18. Rab1 Qa3 19. Rxb7 c5 20. Rb3 Qa5 21. Rb5 Qa3 22. Rxc5 Rfb8 23. Rd2 Rc8 24. Rxc8+ Rxc8 25. Nd5 Qd6 26. Qb3 Rb8 27. Qc4 h5 28. h4 Rb1+ 29. Kg2 Qb8 30. Rc2 Kh7 31. Nc3 Rb7 32. Nd5 Qe8 33. Qd3 Qd7 34. Nf4 Qa4 35. Qe2 Re7 36. Rc8 Qd7 37. Qc4 Qb7+ 38. Qc6 Qb2 39. Qf3 Qxa2 40. Nxh5 Qe6 41. Ra8 gxh5 42. Qxh5+ Bh6 43. Qf3 Qe4 44. Rb8 Bg7 45. Rb5 Kg6 0-1

[Event "Early-Titled-Tuesday-Blitz-October-17-2023"]
[Site "Chess.com"]
[Date "2023.10.17"]
[Round "11"]
[White "Polish_fighter3000"]
[Black "Jospem"]
[Result "0-1"]
[WhiteElo "3051"]
[BlackElo "3134"]
[TimeControl "180+1"]
[EndTime "10:09:41 PDT"]
[Termination "Jospem won by resignation"]

1. d4 Nf6 2. c4 e6 3. Nf3 Bb4+ 4. Bd2 c5 5. Bxb4 cxb4 6. g3 b6 7.
Bg2 Bb7 8. O-O a5 9. Qd3 d6 10. Nbd2 O-O 11. Rfd1 h6 12. Ne1 Bxg2 13. Nxg2 Nc6 14.
e3 Rc8 15. Nf4 Qe7 16. Ne2 Rfd8 17. e4 e5 18. f3 Nd7 19. b3 Qf6 20. d5 Nc5 21.
Qe3 Nd4 22. Nxd4 exd4 23. Qf4 Qe5 24. Nf1 a4 25. Rab1 axb3 26. axb3 Ra8 27. Qd2 Qf6 28. Kg2 d3 29. Qxb4 Ra2+ 30. Rd2 Rda8 31. Rd1 Rb2 32. Qxb6 Rxb3 33. Qc6 Rab8 34. Ne3 g6 35. Qc7 h5 36.
Qa5 Qd4 37. Re1 Rb2 38. Nd1 Rc2 39. Nf2 Rxd2 40. Qxd2 Rb2 41. Qe3 Qxc4 42. Rd1 Re2 43. Qg5 Qd4 44. Rf1 d2 45. Kh3 Rxf2 46. Rb1 d1=Q 47.
Rb8+ Kh7 48. Qe7 Rxh2+ 49. Kxh2 Q4d2+ 0-1

[Event "Early-Titled-Tuesday-Blitz-October-17-2023"]
[Site "Chess.com"]
[Date "2023.10.17"]
[Round "11"]
[White "BasilSmash"]
[Black "GMKrikor"]
[Result "0-1"]
[WhiteElo "2634"]
[BlackElo "2828"]
[TimeControl "180+1"]
[EndTime "10:09:43 PDT"]
[Termination "GMKrikor won on time"]

1. e4 e6 2. d3 d5 3. Qe2 Be7 4. Nf3 c5 5. g3 Nc6 6. Bg2 Nf6 7. O-O b6 8. e5 Nd7 9. c4 Bb7 10. h4 h6 11. h5 d4 12. Bf4 g5 13. hxg6 fxg6 14.
g4 g5 15. Bg3 Nf8 16. Nbd2 Ng6 17. Ne4 O-O 18. Nd6 Bxd6 19. exd6 Qf6 20. Rae1 Rae8 21. Ne5 Ncxe5 22. Bxe5 Qf7 23. Bg3 e5 24. Bxb7 Qxb7 25.
Qe4 Qxe4 26. Rxe4 Kg7 27. Kg2 Re6 28. a3 Rd8 29. b4 Rdxd6 30. Rb1 Rc6 31. Re2 Kf6 32. a4 cxb4 33. Rxb4 Rc5 34. Rb5 Nf4+ 35. Bxf4 exf4 36. Rxe6+ Kxe6 37. Rb1 Ra5 0-1

[Event "Early-Titled-Tuesday-Blitz-October-17-2023"]
[Site "Chess.com"]
[Date "2023.10.17"]
[Round "11"]
[White "Sanyura"]
[Black "Kirill_Klukin"]
[Result "0-1"]
[WhiteElo "2549"]
[BlackElo "2681"]
[TimeControl "180+1"]
[EndTime "10:09:43 PDT"]
[Termination "Kirill_Klukin won on time"]

1. Nf3 Nf6 2. g3 d5 3. Bg2 e6 4.
O-O Be7 5. d4 O-O 6. c4 c6 7.
Nc3 b6 8. Qc2 Bb7 9. e4 a5 10.
Re1 Na6 11. a3 h6 12. Bf4 dxe4 13. Nxe4 c5 14. Ne5 Nxe4 15. Bxe4 Bxe4 16. Qxe4 cxd4 17. Nc6 Qd7 18. Rad1 Bf6 19. Be5 Nc5 20. Rxd4 Nxe4 21. Rxd7 Nc5 22. Rd2 Rfc8 23. Bxf6 Rxc6 24. Be5 a4 25.
Red1 f6 26. Bc3 Ne4 27. Rd8+ Rxd8 28. Rxd8+ Kh7 29. Bd4 Nd6 30. Rd7 e5 31. Bxb6 Nxc4 32. Bd8 Nxb2 33. Be7 Nc4 34. Bf8 Kg6 35. Rxg7+ Kf5 36.
h3 h5 37. Ra7 Nd2 38. Bb4 Nf3+ 39. Kg2 e4 40. Ra5+ Kg6 41. g4 h4 42. g5 Rc1 0-1

[Event "Early-Titled-Tuesday-Blitz-October-17-2023"]
[Site "Chess.com"]
[Date "2023.10.17"]
[Round "11"]
[White "PowerThinking2650"]
[Black "Irina_Mikhaylova"]
[Result "1-0"]
[WhiteElo "2496"]
[BlackElo "2320"]
[TimeControl "180+1"]
[EndTime "10:09:45 PDT"]
[Termination "PowerThinking2650 won by resignation"]

1. e4 c5 2. Nf3 Nc6 3. d4 cxd4 4. Nxd4 e5 5. Nb5 d6 6. N1c3 a6 7. Na3 b5 8. Nd5 Nge7 9. c4 Nd4 10. cxb5 Nxd5 11.
exd5 Qh4 12. Bd3 Be7 13. Be3 O-O 14. h3 Nxb5 15. Nxb5 axb5 16. O-O b4 17. f4 e4 18. Bxe4 Ba6 19. Rf3 Rfe8 20. Bd3 Bd8 21. Bf2 Qf6 22. Bxa6 Rxa6 23. Qd3 Ra8 24. Bd4 Qe7 25. Rg3 f6 26.
a4 bxa3 27. Rxa3 Rxa3 28. bxa3 Ba5 29. Re3 Qd8 30. Rxe8+ Qxe8 31. Qe3 Kf7 32. Qxe8+ Kxe8 33. f5 Kf7 34. Kf2 g6 35. g4 h5 36. Ke3 hxg4 37. hxg4 gxf5 38. gxf5 Ke7 39. Kd3 Bd8 40. Kc4 Kd7 41.
Kb5 Kc7 42. Bb6+ Kd7 43. Bxd8 Kxd8 44. Kc6 1-0

[Event "Early-Titled-Tuesday-Blitz-October-17-2023"]
[Site "Chess.com"]
[Date "2023.10.17"]
[Round "11"]
[White "salomez"]
[Black "Emp3rador"]
[Result "1-0"]
[WhiteElo "2366"]
[BlackElo "2523"]
[TimeControl "180+1"]
[EndTime "10:09:45 PDT"]
[Termination "salomez won by resignation"]

1. d4 d5 2. Nc3 Nf6 3. Bf4 Bf5 4.
f3 e6 5. e3 Nbd7 6. g4 Bg6 7.
h4 h5 8. g5 Ng8 9. Nh3 Bb4 10.
Bd3 Ne7 11. Qd2 c5 12. O-O Bf5 13. Kh2 Rc8 14. Bd6 Bxd3 15. cxd3 Nf5 16. Bxc5 Nxc5 17. dxc5 Bxc5 18. e4 Nxh4 19. exd5 exd5 20. Qe1+ Kf8 21. Qxh4 Qb6 22. Rab1 Bd4 23. Nxd5 Qd6+ 24. Nhf4 Rc2+ 25. Kh1 g6 26. Qe1 Be5 27. Qe4 h4 28. Rfe1 Bxf4 29. Nxf4 h3 30. Qe5 Qxe5 31. Rxe5 Rh4 32. Re4 h2 33. Nxg6+ fxg6 34. Rxh4 Kf7 35. Rxh2 Rc6 36. Rd2 Ke6 37. d4 Kd5 38. Re1 Rc8 39. Re5+ Kd6 40. Re4 Rf8 41. Kg2 Kd5 42. Re5+ Kd6 43. Kg3 Rc8 44. f4 Rc1 45. d5 b5 46. Re6+ 1-0

[Event "Early-Titled-Tuesday-Blitz-October-17-2023"]
[Site "Chess.com"]
[Date "2023.10.17"]
[Round "11"]
[White "Rosh1610"]
[Black "balachess2006"]
[Result "0-1"]
[WhiteElo "2442"]
[BlackElo "2600"]
[TimeControl "180+1"]
[EndTime "10:09:48 PDT"]
[Termination "balachess2006 won on time"]

1. e4 c5 2. Nf3 Nc6 3. d4 cxd4 4.
Nxd4 Nf6 5. Nc3 d6 6. Bc4 Qb6 7. Be3 Qxb2 8. Ndb5 Qb4 9. Bd3 Qa5 10. Bd2 Qd8 11.
O-O a6 12. Na3 b5 13. Nd5 e6 14. Nxf6+ gxf6 15. c4 b4 16. Nc2 a5 17. f4 Rg8 18.
Ne3 Qb6 19. Kh1 Bb7 20. f5 Ne5 21. Bc2 Be7 22. a3 bxa3 23. Rxa3 Bc6 24. fxe6 fxe6 25. Qh5+ Kd7 26. Qh4 f5 27. Qe1 fxe4 28. Bxa5 Qd4 29. Bc3 Qc5 30. Rb3 Ra2 31. Bb1 Raxg2 32. Nxg2 e3 33. Rb2 Nf3 34. Rxf3 Bxf3 35. Qf1 Qh5 36. Bd3 Bh4 37. c5 Bg3 38. c6+ Bxc6 39. Qg1 Bf2 0-1

[Event "Early-Titled-Tuesday-Blitz-October-17-2023"]
[Site "Chess.com"]
[Date "2023.10.17"]
[Round "11"]
[White "Alphafischer2019"]
[Black "sokidze"]
[Result "1-0"]
[WhiteElo "2616"]
[BlackElo "2766"]
[TimeControl "180+1"]
[EndTime "10:09:51 PDT"]
[Termination "Alphafischer2019 won on time"]

1. e4 c6 2. d4 d5 3. Nc3 dxe4 4. Nxe4 Bf5 5. Ng3 Bg6 6. Nf3 e6 7. Bd3 Nf6 8. O-O Bd6 9. Re1 Bxd3 10. Qxd3 O-O 11. b3 c5 12. Bb2 Nc6 13. Rad1 cxd4 14. Nxd4 Nxd4 15. Bxd4 Be7 16. c4 Qa5 17. Qc2 Rfd8 18. Bc3 Bb4 19. Bxb4 Qxb4 20. h3 h6 21. Rxd8+ Rxd8 22. Rd1 Rxd1+ 23. Qxd1 Qc3 24. Qe2 Nd7 25. Kh2 Nc5 26. f4 Nd3 27. f5 e5 28. f6 Qd4 29. fxg7 Nf4 30. Qf3 Qd7 31. Ne4 Kxg7 32. g3 Qd3 33. Qxd3 Nxd3 34. g4 Kg6 35. Kg3 b6 36. h4 h5 37. g5 Nc1 38. Nc3 Kf5 39. Kf3 Nd3 40. a3 Nc5 41. b4 Ne6 42. Ne2 1-0

[Event "Early-Titled-Tuesday-Blitz-October-17-2023"]
[Site "Chess.com"]
[Date "2023.10.17"]
[Round "11"]
[White "Eagle_2019"]
[Black "Mikhail_Golubev"]
[Result "0-1"]
[WhiteElo "2677"]
[BlackElo "2586"]
[TimeControl "180+1"]
[EndTime "10:09:51 PDT"]
[Termination "Mikhail_Golubev won by resignation"]

1. d4 Nf6 2. Nf3 d6 3. g3 g6 4.
Bg2 Bg7 5. O-O O-O 6. c4 Nbd7 7. Nc3 e5 8. e4 Re8 9. h3 exd4 10. Nxd4 a6 11. Be3 Rb8 12. Qc2 c5 13. Nde2 b5 14. Rad1 Qc7 15. Nf4 bxc4 16. Ncd5 Nxd5 17. Nxd5 Qa5 18. Bd2 Qxa2 19. Bc3 Bxc3 20. Qxc3 Qxb2 21. Qxc4 Nb6 22. Nxb6 Rxb6 23. Qd3 Qf6 24. f4 a5 25. Rb1 Ba6 26. Qd2 Bxf1 27. Rxb6 Bxg2 28. Rxd6 Qe7 29. Kxg2 Qxe4+ 30. Kf2 Qh1 31. Rd8 Qh2+ 32. Kf3 Qxd2 33.
Rxd2 a4 34. Ra2 Ra8 35. Ke4 a3 36. Kd5 Ra5 37. Kc4 Kg7 38. Kb3 h5 39. g4 h4 40.
Kc4 g5 41. fxg5 Kg6 42. Kb3 Kxg5 43. Ra1 a2 44. Kb2 f6 45. Kb3 Kf4 46. Kb2 Kg3 47. Rg1+ Kh2 48. Ra1 Kxh3 0-1

[Event "Early-Titled-Tuesday-Blitz-October-17-2023"]
[Site "Chess.com"]
[Date "2023.10.17"]
[Round "11"]
[White "nitpicker"]
[Black "C_K_G"]
[Result "1-0"]
[WhiteElo "2234"]
[BlackElo "1895"]
[TimeControl "180+1"]
[EndTime "10:09:53 PDT"]
[Termination "nitpicker won by resignation"]

1. d4 d5 2. c4 e6 3. Nf3 Nf6 4. g3 b6 5. Nc3 Bb7 6. Bg2 Nbd7 7.
cxd5 exd5 8. O-O a6 9. Qb3 Be7 10. Rd1 O-O 11. Ne5 c5 12. Nxd7 Qxd7 13. dxc5 Bxc5 14. Nxd5 Nxd5 15. Bxd5 Rad8 16. e4 Qg4 17. Be3 Bxd5 18. exd5 Bxe3 19. Qxe3 b5 20. Qd4 Qf5 21. d6 h5 22. h4 Rfe8 23. Rd2 Re6 24. Qb6 Rd7 25.
Rad1 Rg6 26. Qxa6 Kh7 27. Qc6 Qg4 28. Kh2 Qf5 29. Qd5 Qxd5 30. Rxd5 b4 31. Rxh5+ Kg8 32.
Rb5 Re6 33. Rd2 Re4 34. f3 Rc4 35. b3 Rc3 36. Kg2 Rc6 37. Rxb4 Rcxd6 38. Rxd6 Rxd6 39. a4 g6 40. g4 Rd2+ 41. Kg3 Rd1 42. a5 Kg7 43. Ra4 Rd7 44. a6 1-0